AoeStats
← Carolus

Scandinavia

510550602Analyzed
1v1 RM · 2d ago on Oct 1, 2026· 18m 20s· 2 players
Game mode
Random Map
Map size
Tiny (2 player)
Population
200
Speed
Normal
Resources
Standard
Victory
Conquest
Starting age
Dark Age
Ending age
Imperial Age
RankedLock teamsTeams togetherTeam positionsShared explorationLock speedFull tech treeHidden civsTurbo modeCheats
Victory
Defeat
🇺🇸 Danes · United States
967
+18
🇫🇷 Khmer · France
1000
-18
Carolus
11:04 Feudal Age
11:44 Loom
14:52 Castle Age
13:31 Double-Bit Axe
14:33 Bloodlines
Hygge Prisoner
7:50 Loom
10:30 Feudal Age
10:50 Man-at-Arms
12:23 Double-Bit Axe
13:08 Arson
18:49 Forging
Connection lost

Rejoining the realm…

Still unreachable

The connection could not be restored.

Session expired

The server has moved on; the page needs a fresh start.